 Dungeon Crawl Stone Soup version 0.27-a0-67-g4bfc8a49e1 (webtiles) character file.

Game seed: 13035390302334188143

46 Forecaster the Magician (level 3, 0/28 HPs)
             Began as a Naga Hedge Wizard on Jan 8, 2021.
             Slain by a gnoll
             ... wielding a +0 halberd
              (3 damage)
             ... on level 3 of the Dungeon on Jan 9, 2021.
             The game lasted 00:10:18 (2323 turns).

Forecaster the Magician (Naga Hedge Wizard)         Turns: 2323, Time: 00:10:18

Health: 0/28       AC:  4    Str: 15    XL:     3   Next: 66%
Magic:  1/8        EV: 10    Int: 14    God:
Gold:   188        SH:  0    Dex: 11    Spells: 4/9 levels left

rFire    . . .     SeeInvis +   q - +4 dagger
rCold    . . .     Faith    .   (no shield)
rNeg     . . .     Spirit   .   b - +0 robe
rPois    +         Reflect  .   h - +0 hat
rElec    .         Harm     .   (no cloak)
rCorr    .         Rampage  .   m - +1 pair of gloves {Str+3}
Will     .....                  (no barding)
Stlth    ++........             (no amulet)
HPRegen  0.09/turn              (no ring)
MPRegen  0.11/turn              (no ring)

@: about to teleport, very slightly contaminated, very slow
A: large, see invisible, deformed body, poison resistance, slowness 2, spit
poison 1, AC +1
a: Spit Poison


You were on level 3 of the Dungeon.
You visited 1 branch of the dungeon, and saw 3 of its levels.

You collected 188 gold pieces.

Inventory:

Hand Weapons
 a - a +0 dagger
 d - a +1 hand axe of flaming
 e - a +1 whip of electrocution
 q - a +4 dagger (weapon)
Missiles
 f - 17 poisoned darts
Armour
 b - a +0 robe (worn)
 c - a +0 hat
 h - a +0 hat (worn)
 m - a +1 pair of gloves of strength (worn)
Wands
 p - a wand of random effects (18)
Scrolls
 j - 4 scrolls of teleportation
 k - a scroll of amnesia
 n - 2 scrolls of identify
Potions
 g - a potion of curing
 i - a potion of heal wounds {unknown}


   Skills:
 + Level 0.1 Maces & Flails
 + Level 1.5 Dodging
 + Level 3.5 Stealth
 + Level 3.8 Spellcasting
 + Level 1.6 Conjurations
 + Level 1.2 Summonings
 + Level 1.0 Translocations


You had 4 spell levels left.
You knew the following spells:

 Your Spells              Type           Power        Failure   Level
a - Magic Dart            Conj           28%          10%         1
b - Call Imp              Summ           6%           19%         2
c - Blink                 Tloc           N/A          21%         2

Your spell library contained the following spells:

 Spells                   Type           Power        Failure   Level
 Slow                     Hex            2%           30%         2
 Conjure Flame            Conj/Fire      4%           38%         3
 Mephitic Cloud           Conj/Pois/Air  4%           43%         3


Dungeon Overview and Level Annotations

Branches:
Dungeon (3/15)

Altars:
Zin


Innate Abilities, Weirdness & Mutations

You cannot wear boots.
Your serpentine skin is tough. (AC +1)
You have supernaturally acute eyesight. (SInv)
Armour fits poorly on your strangely shaped body.
Your system is resistant to poisons. (rPois)
You cover ground very slowly.
You can spit poison.


Message History

The gnoll dies!
You tear a large gash into the net.
The gnoll hits you from afar with a +0 spear.
The adder barely misses your white imp.
Your white imp hits the gnoll.
Your white imp freezes the gnoll.
You rip the net and break free!
The adder bites your white imp.
Your white imp misses the adder.
The gnoll hits your white imp with a +0 spear.
Your white imp dies!
You closely miss the adder. The adder barely misses you.
The gnoll hits you from afar with a +0 spear!
* * * LOW HITPOINT WARNING * * *
As you read the scroll of teleportation, it crumbles to dust.
You feel strangely unstable. The adder bites you.
* * * LOW HITPOINT WARNING * * *
The gnoll misses you. The gnoll hits you but does no damage.
You feel better. The adder bites you.
* * * LOW HITPOINT WARNING * * *
The gnoll hits you from afar with a +0 halberd.
You die...

#.# ##...##
####.###.###.######
.........# #......#
###...##.###.####.#
#.....##...## #.#
##...####### #.#
##.## #####.####
#.# #........# #.#
#ggS@....# #+#
#.g##.#..# #).
#.#..# #.g #.#..#
#.. #.#..# #..
...<.# ... ......
#.. ...


You could see 3 gnolls and an adder.

Vanquished Creatures
  A worm (D:2)
  2 dart slugs
  A ball python (D:1)
  3 giant cockroaches
  4 goblins
  3 bats
  3 frilled lizards
  5 kobolds
  7 rats
29 creatures vanquished.

Vanquished Creatures (collateral kills)
  A gnoll (D:3)
  A worm (D:2)
  A dart slug (D:2)
  A hobgoblin (D:1)
  3 kobolds
7 creatures vanquished.

Grand Total: 36 creatures vanquished

Notes
Turn   | Place    | Note
-------+----------+-------------------------------------------
     0 | D:1      | Forecaster the Naga Hedge Wizard began the quest for the
                  | Orb.
     0 | D:1      | Reached XP level 1. HP: 15/15 MP: 4/4
   156 | D:1      | Upgraded the game from 0.27-a0-58-g0ec5f8ab93 to
                  | 0.27-a0-67-g4bfc8a49e1
   288 | D:1      | Reached XP level 2. HP: 19/22 MP: 0/6
   291 | D:1      | Learned a level 2 spell: Call Imp
   294 | D:1      | Learned a level 2 spell: Blink
  1449 | D:2      | Reached XP level 3. HP: 28/28 MP: 5/8
  2103 | D:2      | Found a glowing silver altar of Zin.
  2322 | D:3      | HP: 1/28 [adder (1)]
  2323 | D:3      | Slain by a gnoll

Illustrated notes

Levels and vault maps discovered:
D:1:      matt_arrival_spirals, layout_basic
D:2:      layout_loops_ring, zin_statuary
D:3:      layout_loops_corners, lemuel_doored_altar, amcnicky_altar_gilded,
          uniq_natasha

Action                   || total
-------------------------++-------
Melee: Whip              ||    30
       Dagger            ||     3
 Cast: Magic Dart        ||    56
       Call Imp          ||    12
  Use: Scroll            ||    10
       Potion            ||     1
 Stab: Sleeping          ||     1
Armor: Robe              ||     6
Dodge: Dodged            ||    13

Table legend: (Time is in decaauts)
 A = Elapsed time spent in this place.
 B = Non-inter-level travel time spent in this place.
 C = Inter-level travel time spent in this place.
 D = Time resting spent in this place.
 E = Time spent auto-exploring this place.
 F = Levels seen in this place.
 G = Mean time per level.
                   A        B        C        D        E       F      G
               +--------+--------+--------+--------+--------+-----+--------+
         Total |   2804 |   2758 |     46 |     11 |   2280 |   3 |  934.7 |
       Dungeon |   2804 |   2758 |     46 |     11 |   2280 |   3 |  934.7 |
               +--------+--------+--------+--------+--------+-----+--------+

Top non-repeatable levels by time:
     D:1: 1542 daAuts
     D:2: 1140 daAuts
     D:3: 122 daAuts
